 Dungeon Crawl Stone Soup version 0.19-b1-3-g7dea586 (webtiles) character file.

892 dorian the Fighter (level 8, 0/88 HPs)
             Began as an Ogre Hunter on Oct 28, 2016.
             Slain by an ice beast (11 damage)
             ... on level 4 of the Dungeon.
             The game lasted 00:11:35 (5346 turns).

dorian the Fighter (Ogre Hunter)                    Turns: 5346, Time: 00:11:36

Health: 0/88       AC:  4    Str: 20    XL:     8   Next: 6%
Magic:  8/8        EV: 10    Int: 10    God:
Gold:   107        SH:  0    Dex: 10    Spells: 0 memorised, 7 levels left

rFire  . . .     SeeInvis .     z - +0 mace
rCold  . . .     Gourm    .     b - +0 robe
rNeg   . . .     Faith    .     (no shield)
rPois  .         Spirit   .     (helmet restricted)
rElec  .         Reflect  .     t - +0 cloak
rCorr  .         Harm     .     (gloves unavailable)
MR     .....                    (boots unavailable)
Stlth  +.........               (no amulet)
                                (no ring)
                                (no ring)

@: no status effects
A: unfitting armour, tough skin 1
a: no special abilities


You were on level 4 of the Dungeon.
You were not hungry.

You visited 1 branch of the dungeon, and saw 5 of its levels.

You collected 228 gold pieces.
You spent 121 gold pieces at shops.

Inventory:

Hand Weapons
 a - a +0 short sword
 z - a +0 mace (weapon)
Armour
 b - a +0 robe (worn)
 t - a +0 cloak (worn)
Wands
 d - a wand of enslavement (17/24)
 n - a wand of acid (0/15)
 r - a wand of lightning (1/15)
 w - a wand of lightning (3/15)
 y - a wand of slowing (1/48)
Scrolls
 c - a scroll of fear {unknown}
 e - 3 scrolls of remove curse {unknown}
 l - 3 scrolls of identify {unknown}
 o - 3 scrolls of blinking {unknown}
 p - 3 scrolls of enchant armour {unknown}
 s - 2 scrolls of teleportation {unknown}
 v - 2 scrolls of noise {unknown}
Potions
 g - a potion of beneficial mutation {unknown}
 j - 3 potions of agility {unknown}
 k - 6 potions of curing
 m - a potion of degeneration {unknown}
 q - a potion of magic {unknown}
 x - a potion of cure mutation {unknown}
Comestibles
 f - 6 bread rations
 i - 3 meat rations
 u - 4 chunks of flesh


   Skills:
 - Level 8.2 Fighting
 * Level 2.4 Maces & Flails
 + Level 7.4 Throwing
 - Level 1.7 Dodging
 - Level 0.6 Stealth


You had 7 spell levels left.
You didn't know any spells.

Dungeon Overview and Level Annotations

Branches:
Dungeon (5/15)
 Temple: D:4-7

Altars:
Qazlal
Ru
Sif Muna

Shops:
D:4 *![=*


Innate Abilities, Weirdness & Mutations

You are too large for most types of armour.
You have tough skin. (AC +1)


Message History

The iguana bites you!
* * * LOW HITPOINT WARNING * * *
The ice beast hits you but does no damage.
The ice beast hits you but does no damage.
There is a stone staircase leading up here.
The ice beast hits you but does no damage.
You climb upwards.
There is a stone staircase leading down here.
You feel much better.
The ice beast hits you but does no damage.
You hit the ice beast.
The ice beast is lightly wounded.
The ice beast hits you.
* * * LOW HITPOINT WARNING * * *
The ice beast freezes you!
* * * LOW HITPOINT WARNING * * *
The ice beast hits you.
* * * LOW HITPOINT WARNING * * *
The ice beast freezes you!
You die...

# #...#.#.#.# #..#.# #
#...###.#.# #....# #
#.......#.# ##.### #
#..######.######.# #
#......<.......#.# #
##.####.#......#.# #
#.# #.########.#
#######.####..........#
................@######
..(...#.########Y#
......#.########.#
......#...∩......#
...(..#.##############
......#######........#
^...............####.#
##.##.####.#+##.# #.#
.........#.'∩+..# #.#


You could see an ice beast.

Vanquished Creatures
  Menkaure (D:4)
  A centaur (D:5)
  An ogre (D:5)
  A scorpion (D:4)
  A crimson imp (D:3)
  A bullfrog zombie (D:5)
  A quasit (D:5)
  2 hounds
  An orc priest (D:3)
  4 orc wizards
  Jessica (D:3)
  4 worker ants
  7 adders
  A worm (D:2)
  2 leopard geckos
  7 orcs
  10 bats
  3 giant cockroaches
  6 goblins
  7 hobgoblins
  8 jackals
  5 kobolds
  7 quokkas
  A ball python (D:1)
  9 frilled lizards
  A jackal skeleton (D:5)
  A leopard gecko skeleton (D:4)
  8 rats
102 creatures vanquished.

Notes
Turn   | Place    | Note
-------+----------+-------------------------------------------
     0 | D:1      | dorian the Ogre Hunter began the quest for the Orb.
     0 | D:1      | Reached XP level 1. HP: 22/22 MP: 1/1
    69 | D:1      | Reached skill level 3 in Fighting
    75 | D:1      | Reached XP level 2. HP: 9/31 MP: 2/2
  1037 | D:2      | Reached XP level 3. HP: 27/39 MP: 3/3
  1402 | D:2      | Reached skill level 4 in Fighting
  1818 | D:2      | Reached XP level 4. HP: 48/48 MP: 4/4
  2161 | D:2      | Reached skill level 5 in Throwing
  2535 | D:3      | Found a deep blue altar of Sif Muna.
  2545 | D:3      | Found a stormy altar of Qazlal.
  2547 | D:3      | Found a sacrificial altar of Ru.
  2577 | D:3      | Reached skill level 5 in Fighting
  2577 | D:3      | Reached XP level 5. HP: 57/57 MP: 5/5
  2608 | D:3      | Noticed Jessica
  2611 | D:3      | Killed Jessica
  3202 | D:3      | Reached skill level 6 in Fighting
  3202 | D:3      | Reached XP level 6. HP: 34/67 MP: 6/6
  3532 | D:4      | Found Xirr's Armour Boutique.
  3868 | D:4      | Found Umyuma Wifa's Jewellery Shoppe.
  3909 | D:4      | Found Ugoum's Distillery.
  3928 | D:4      | Bought a potion of curing for 33 gold pieces
  3928 | D:4      | Bought a potion of curing for 33 gold pieces
  3928 | D:4      | Bought a potion of heal wounds for 55 gold pieces
  4004 | D:4      | Found Nauguvex's General Store.
  4004 | D:4      | Noticed Menkaure
  4006 | D:4      | Killed Menkaure
  4006 | D:4      | Reached XP level 7. HP: 73/76 MP: 7/7
  4042 | D:4      | Reached skill level 7 in Fighting
  4233 | D:4      | Found Fudoefo's General Store.
  4338 | D:5      | Entered Level 5 of the Dungeon
  4567 | D:5      | Reached skill level 8 in Fighting
  5292 | D:5      | Reached skill level 1 in Maces & Flails
  5303 | D:5      | Reached XP level 8. HP: 60/88 MP: 8/8
  5346 | D:4      | Slain by an ice beast

Skill      XL: |  1  2  3  4  5  6  7 |
---------------+----------------------+-----
Fighting       | 3 4 5 6 8 |  8.2
Throwing       | 5 6 7 |  7.4
Maces & Flails | 2 |  2.4
Dodging        | |  1.7
Stealth        | |  0.6

Action                   |  1- 3 |  4- 6 |  7- 9 || total
-------------------------+-------+-------+-------++-------
Melee: Short sword       |   121 |   274 |    97 ||   492
       Mace              |       |       |    26 ||    26
Throw: Large rock        |    16 |    21 |    10 ||    47
       Throwing net      |     4 |     3 |     3 ||    10
Evoke: Wand              |       |     3 |    12 ||    15
  Use: Potion            |       |     4 |     1 ||     5
 Stab: Sleeping          |     2 |     1 |       ||     3
  Eat: Chunk             |     3 |     3 |     4 ||    10
       Meat ration       |       |     1 |       ||     1
Armor: Robe              |    58 |    80 |    32 ||   170
Dodge: Dodged            |    95 |   178 |    57 ||   330
